 Dungeon Crawl Stone Soup version 0.31-a0-1388-g4b2ba238e7 (webtiles) character file.

Game seed: 4684995589267870942

110 timneilson the Covered (level 4, -3/29 HPs)
             Began as a Gargoyle Fighter on Dec 25, 2023.
             Slain by Terence
             ... wielding a +0 flail
              (7 damage)
             ... on level 3 of the Dungeon.
             The game lasted 00:03:29 (1339 turns).

timneilson the Covered (Gargoyle Fighter)           Turns: 1339, Time: 00:03:29

Health: -3/29      AC: 10    Str: 20    XL:     4   Next: 91%
Magic:  4/4        EV:  9    Int:  8    God:
Gold:   152        SH:  4    Dex: 11    Spells: 3/3 levels left

rFire   . . .        a - +1 long sword
rCold   . . .        c - +0 buckler
rNeg    + . .        b - +0 scale mail
rPois   ∞            (no helmet)
rElec   +            (no cloak)
rCorr   +            (no gloves)
SInv    .            (no boots)
Will    .....        (no amulet) Stlth
                     g - ring of resist corrosion
HPRegen 0.24/turn    (no ring)
MPRegen 0.09/turn

%: no passive effects
@: no status effects
A: sickness immunity, AC +3, negative energy resistance 1, electricity
resistance, torment resistance 1, petrification resistance
a: no special abilities


You were on level 3 of the Dungeon.
You visited 1 branch of the dungeon, and saw 3 of its levels.

You collected 152 gold pieces.

Inventory:

Hand Weapons
 a - a +1 long sword (weapon)
Armour
 b - a +0 scale mail (worn)
 c - a +0 buckler (worn)
Jewellery
 g - a ring of resist corrosion (left hand)
Scrolls
 e - a scroll of fear
 j - a scroll of teleportation
Potions
 d - a potion of might
 f - a potion of enlightenment {unknown}
 h - 2 potions of resistance {unknown}
 i - a potion of haste {unknown}


   Skills:
 + Level 3.6 Fighting
 * Level 2.6 Long Blades
 * Level 4.2 Armour
 + Level 0.8 Dodging
 * Level 4.0 Shields


You had 3 spell levels left.
You didn't know any spells.
Your spell library contained the following spells:

 Spells                   Type           Power      Damage    Failure   Level
 Scorch                   Fire           0%         2d5       92%         2
 Flame Wave               Conj/Fire      0%         2d4       100%        4
 Summon Cactus Giant      Summ           0%         N/A       100%        6


Dungeon Overview and Level Annotations

Branches:
Dungeon (3/15)

Altars:

Annotations:
D:3 Terence


Innate Abilities, Weirdness & Mutations

You are immune to sickness and miasma.
Your stone body is resilient. (AC +3)
You are immune to poison.
You resist negative energy. (rN+)
You are resistant to electric shocks. (rElec)
You are resistant to unholy torment.
You are immune to petrification.


Message History

No target in view!
No target in view!
No target in view!
No target in view!
Terence the Incautious comes into view.
He is wielding a +0 flail.
Found a There-And-Back Book.
Terence shouts!
You hit Terence but do no damage. Terence hits you with a +0 flail.
You hit Terence but do no damage. Terence hits you with a +0 flail. x2
You hit Terence.
Terence is lightly wounded.
Terence hits you with a +0 flail.
You closely miss Terence.
Terence is lightly wounded.
Terence hits you with a +0 flail.
* * * LOW HITPOINT WARNING * * *
You slash Terence!
Terence is heavily wounded.
You block Terence's attack.
You hit Terence.
Terence is severely wounded.
Terence hits you but does no damage. Terence hits you with a +0 flail.
* * * LOW HITPOINT WARNING * * *
You closely miss Terence.
Terence is severely wounded.
Terence misses you.
You barely miss Terence.
Terence is severely wounded.
Terence hits you but does no damage.
You hit Terence.
Terence is almost dead.
Terence hits you with a +0 flail.
* * * LOW HITPOINT WARNING * * *
Terence hits you but does no damage.
You hit Terence but do no damage.
Terence is almost dead.
Terence shouts, "DIE!!!"
Terence hits you with a +0 flail!
You die...
Terence says, "That felt goooood."

### #<# # #@# ..
#@# ... #.# ....
#.### # .:...
+...+ ...
......#.###....#
............#
..........#.#
......#####


You could see Terence.

Vanquished Creatures
  3 adders
  A worm (D:2)
  3 dart slugs
  4 bats (D:1)
  12 endoplasms
  2 giant cockroaches (D:1)
  3 goblins
  4 hobgoblins
  10 jackals (D:1)
  7 kobolds
  4 quokkas
  11 ball pythons
  3 frilled lizards
  2 rats
69 creatures vanquished.

Notes
Turn   | Place    | Note
-------+----------+-------------------------------------------
     0 | D:1      | timneilson the Gargoyle Fighter began the quest for the
                  | Orb.
     0 | D:1      | Reached XP level 1. HP: 14/14 MP: 1/1
    86 | D:1      | Reached XP level 2. HP: 14/19 MP: 2/2
   240 | D:1      | Reached XP level 3. HP: 20/23 MP: 3/3
   765 | D:2      | Reached XP level 4. HP: 28/28 MP: 4/4
   796 | D:2      | Identified the +1 leather armour "Foker" {Will+ rCorr}
  1321 | D:3      | Noticed Terence
  1339 | D:3      | Slain by Terence

Illustrated notes

Levels and vault maps discovered:
D:1:      scummos_arrival_star, layout_rooms, minmay_hexomino_c4
D:2:      layout_rooms, grunt_ministairs_9
D:3:      layout_basic, chequers_ecumenical_altar_island, uniq_jessica,
          uniq_terence

Skill      XL: |  1  2  3  4 |
---------------+-------------+-----
Long Blades    | 2 |  2.6
Armour         | 4 |  4.2
Shields        | 4 |  4.0
Fighting       | |  3.6
Dodging        | |  0.8

Action                     |  1- 3 |  4- 6 || total
---------------------------+-------+-------++-------
  Melee: Long sword        |   197 |    83 ||   280
    Use: Scroll            |     5 |       ||     5
 Armour: Scale mail        |   177 |    55 ||   232
  Dodge: Dodged            |   136 |    18 ||   154
  Block: Buckler           |    51 |    18 ||    69

Table legend: (Time is in decaauts)
 A = Elapsed time spent in this place.
 B = Non-inter-level travel time spent in this place.
 C = Inter-level travel time spent in this place.
 D = Time resting spent in this place.
 E = Time spent auto-exploring this place.
 F = Levels seen in this place.
 G = Mean time per level.
                   A        B        C        D        E       F      G
               +--------+--------+--------+--------+--------+-----+--------+
         Total |   1428 |   1392 |     36 |     67 |    754 |   3 |  476.0 |
       Dungeon |   1428 |   1392 |     36 |     67 |    754 |   3 |  476.0 |
               +--------+--------+--------+--------+--------+-----+--------+

Top non-repeatable levels by time:
     D:1: 817 daAuts
     D:2: 570 daAuts
     D:3: 39 daAuts
